 Dungeon Crawl Stone Soup version 0.22.1-1-ga44c0e5 (webtiles) character file.

60 mikohab the Shield-Bearer (level 3, -5/36 HPs)
             Began as a Troll Fighter on Sept 28, 2018.
             Slain by a worm (7 damage)
             ... on level 2 of the Dungeon.
             The game lasted 00:11:48 (1307 turns).

mikohab the Shield-Bearer (Troll Fighter)           Turns: 1307, Time: 00:11:48

Health: -5/36      AC:  5    Str: 25    XL:     3   Next: 82%
Magic:  11/11      EV:  8    Int:  4    God:
Gold:   119        SH:  9    Dex: 11    Spells: 2/2 levels left

rFire    . . .     SeeInvis +     - Unarmed
rCold    . . .     Gourm    +   b - +0 shield
rNeg     . . .     Faith    .   a - +0 robe
rPois    .         Spirit   .   (helmet restricted)
rElec    .         Reflect  .   (no cloak)
rCorr    .         Harm     .   (gloves unavailable)
MR       .....                  (boots unavailable)
Stlth    +.........             (no amulet)
HPRegen  0.52/turn              c - ring of magical power
MPRegen  0.12/turn              h - ring of see invisible

@: lethally poisoned (-5 -> -6)
A: large, unfitting armour, claws 3, agile 1, blurry vision 1, fast metabolism
3, gourmand, regeneration 1, shaggy fur 1, tough skin 2, evolution 1, subdued
magic 1
a: no special abilities


You were on level 2 of the Dungeon.
You were not hungry.

You visited 1 branch of the dungeon, and saw 2 of its levels.

You collected 119 gold pieces.

Inventory:

Armour
 a - a +0 robe (worn)
 b - a +0 shield (worn)
Jewellery
 c - a ring of magical power (left claw)
 h - a ring of see invisible (right claw)
Scrolls
 e - a scroll of fog
 g - 2 scrolls of remove curse
Comestibles
 d - 2 rations


   Skills:
 + Level 2.8 Fighting
 + Level 2.8 Dodging
 + Level 3.1 Shields
 + Level 2.5 Unarmed Combat


You had 2 spell levels left.
You didn't know any spells.
Your spell library was empty.

Dungeon Overview and Level Annotations

Branches:
Dungeon (2/15)

Altars:


Innate Abilities, Weirdness & Mutations

You are too large for most types of armour.
You have claws for hands.
Your metabolism is lightning-fast.
You like to eat raw meat.
Your natural rate of healing is unusually fast.
You are covered in fur. (AC +1)
You have very tough skin. (AC +2)
You are agile. (Dex +2)
Scrolls take you a little longer to read.
You evolve.
Your spells are a little easier to cast, but a little less powerful.


Message History

You block the hobgoblin's attack.
You claw the hobgoblin!
You kill the hobgoblin!
The scorpion stings you but does no damage.
You scratch the scorpion.
The scorpion is severely wounded.
The scorpion stings you!
You closely miss the scorpion.
The scorpion is severely wounded.
You feel sick. The scorpion barely misses you.
You feel better. The scorpion stings you. You block the worm's attack.
You barely miss the worm. The scorpion stings you!
You are poisoned.
The scorpion poisons you!
You barely miss the scorpion.
The scorpion is severely wounded.
You feel sick. The scorpion stings you!
* * * LOW HITPOINT WARNING * * *
The worm bites you!
You die...

# *,* *****,* **,,,** #** *,* *,*
*,,,,,* ..#*****,* *,* **,,,**
...,,,,,,* *,* **,** ..#*****,**
*,******,*** ### *,,**#####
*,,,,,,,,,,, # **,,,,...#
********<*** # #.#####w## #.*
**#....K5s@#### #.#
**#....##'##....#########.###
##...####...####...##.........
##..**#).#5..#,,###..#.####.#..
###..#*,#..#sK.#,,#.##.#.# #.#..
...#.',,#..#...#..#..'...# ##.#..
**#..##,#..#...#..#.##)..###.....
*#..###..#...#..###....##......
#....##'#,,,*'##..............


You could see a worm, a scorpion, a shadow imp and a kobold.

Vanquished Creatures
  2 adders (D:2)
  An ooze (D:1)
  A worm (D:2)
  A dart slug (D:1)
  A leopard gecko (D:2)
  2 bats
  2 giant cockroaches
  4 goblins
  8 hobgoblins
  3 jackals (D:2)
  A quokka (D:2)
  A frilled lizard (D:1)
  A kobold (D:1)
  A rat (D:1)
  2 plants (D:2)
31 creatures vanquished.

Notes
Turn   | Place    | Note
-------+----------+-------------------------------------------
     0 | D:1      | mikohab the Troll Fighter began the quest for the Orb.
     0 | D:1      | Reached XP level 1. HP: 22/22 MP: 0/0
   264 | D:1      | Reached XP level 2. HP: 29/29 MP: 1/1
   994 | D:2      | Reached XP level 3. HP: 34/36 MP: 2/2
  1019 | D:2      | Reached skill level 3 in Shields
  1133 | D:2      | Gained mutation: Your spells are a little easier to cast,
                  | but a little less powerful. [potion of mutation]
  1133 | D:2      | Gained mutation: You evolve. [potion of mutation]
  1133 | D:2      | Gained mutation: Scrolls take you a little longer to read.
                  | [potion of mutation]
  1133 | D:2      | Gained mutation: You are agile. (Dex +2) [potion of
                  | mutation]
  1284 | D:2      | Noticed a scorpion
  1307 | D:2      | Slain by a worm

Skill      XL: |  1  2  3 |
---------------+----------+-----
Shields        | 3 |  3.1
Fighting       | |  2.8
Dodging        | |  2.8
Unarmed Combat | |  2.5

Action                   || total
-------------------------++-------
Melee: Unarmed           ||   135
  Use: Scroll            ||     5
       Potion            ||     6
  Eat: Ration            ||     3
Armor: Robe              ||    28
Dodge: Dodged            ||    35
Block: Shield            ||    45
